 Dungeon Sprint DCSS version 0.22-a0-351-g29664b4 (webtiles) character file.

6583 Kidiri the Ogre Mage (level 11, -13/107 HPs)
             Began as an Ogre Fire Elementalist on Apr 12, 2018.
             Was the Champion of Vehumet.
             Killed from afar by a lindwurm (32 damage)
             ... with a blast of flame
             ... in the Dungeon (Sprint III: "The Ten Rune Challenge").
             The game lasted 00:17:16 (2657 turns).

Kidiri the Ogre Mage (Ogre Fire Elementalist)       Turns: 2657, Time: 00:17:17

Health: -13/107    AC:  8    Str: 14    XL:     11   Next: 1%
Magic:  25/29      EV: 13    Int: 19    God:    Vehumet [******]
Gold:   46         SH:  0    Dex:  9    Spells: 14/38 levels left

rFire    . . .     SeeInvis .   k - +0 dagger
rCold    . . .     Gourm    .   (no shield)
rNeg     . . .     Faith    .   a - +1 robe {MR+}
rPois    .         Spirit   .   (helmet restricted)
rElec    .         Reflect  .   (no cloak)
rCorr    .         Harm     .   (gloves unavailable)
MR       ++...     NoTele   +   (boots unavailable)
Stlth    +.........             (no amulet)
HPRegen  0.27/turn              (no ring)
MPRegen  0.21/turn              (no ring)

@: no status effects
A: large, unfitting armour, iridescent scales 1, slimy green scales 1, frail 1,
mutation resistance 1, tough skin 1
a: Renounce Religion


You were in the Dungeon.
You worshipped Vehumet.
Vehumet was exalted by your worship.
You were not hungry.

You visited 1 branch You collected 46 gold pieces.

Inventory:

Hand Weapons
 k - a +0 dagger (weapon)
Armour
 a - a +1 robe of magic resistance (worn)
Scrolls
 b - a scroll of holy word {unknown}
 l - 5 scrolls of remove curse
 m - a scroll of torment
Potions
 f - 3 potions of haste
 g - 2 potions of magic
 h - 2 potions of berserk rage
 j - 2 potions of flight
 o - 5 potions of mutation
 p - a potion of might
Comestibles
 c - 13 rations


   Skills:
 + Level 10.8 Fighting
 + Level 7.1 Armour
 + Level 8.0 Dodging
 - Level 1.4 Stealth
 * Level 14.4 Spellcasting
 + Level 8.9 Conjurations
 + Level 9.4 Fire Magic
 + Level 6.5 Air Magic
 + Level 6.4 Poison Magic


You had 14 spell levels left.
You knew the following spells:

 Your Spells              Type           Power        Failure   Level  Hunger
a - Flame Tongue          Conj/Fire      #####        1%          1    None
b - Throw Flame           Conj/Fire      #####.       1%          2    None
c - Conjure Flame         Conj/Fire      #####...     1%          3    None
d - Inner Flame           Hex/Fire       ####....     1%          3    None
e - Ignite Poison         Fire/Tmut/Pois ####....     1%          3    None
f - Sticky Flame          Conj/Fire      #####...     1%          4    None
g - Fireball              Conj/Fire      #####.....   1%          5    ####...
h - Mephitic Cloud        Conj/Pois/Air  #####...     1%          3    None


Dungeon Overview and Level Annotations

Branches:
Dungeon (1/1)

Altars:
Cheibriados
Dithmenos
Elyvilon
Fedhas
Gozag
Hepliaklqana
Kikubaaqudgha
Makhleb
Nemelex Xobeh
Okawaru
Qazlal
Ru
Sif Muna
Trog
Uskayaw
Vehumet
Wu Jian
Xom
Yredelemnul
Zin
The Shining One
Beogh
Jiyva
Lugonu

Annotations:
D exclusion: door


Innate Abilities, Weirdness & Mutations

You are too large for most types of armour.
You have tough skin. (AC +1)
You are partially covered in iridescent scales. (AC +2)
You are partially covered in slimy green scales. (AC +2)
You are frail. (-10% HP)
You are somewhat resistant to further mutation.


Message History

The lindwurm breathes flames at you. The blast of flame hits you!
* * * LOW HITPOINT WARNING * * *
Unknown command.
You're too confused to cast spells.
Firing (i - inventory) No suitable missiles.
Press: ? - help, Shift-Dir - straight line, f/p - lindwurm
Aim: a lindwurm (moderately wounded, catching its breath)
Okay, then.
Unknown command.
Okay, then.
Unknown command.
Unknown command.
You feel less confused.
The lindwurm closely misses you. x2; The lindwurm claws you!
* * * LOW HITPOINT WARNING * * *
Unknown command.
The lindwurm breathes flames at you. The blast of flame hits you!
You die...

.........#.).#__#...'.#§§.#.#.#.)
.........#___#__+...#.#§§§#...#.)
▓▓▓▓▓▓▓▓▓▓▓▓▓▓▓▓▓▓▓▓▓▓▓▓▓▓▓▓▓▓▓▓▓
♣♣≈≈≈...÷....≈≈≈..
+♣♣'♣≈≈≈≈≈≈≈≈≈≈≈≈♣♣.
#.≈♣♣♣♣♣...♣♣♣♣♣♣♣♣P #..♣♣ ♣♣♣♣.♣
♣♣ ###'♣ ♣♣ ♣♣ ♣♣♣♣@##. ♣...##.
♣♣k##.# ♣s.#.## ♣♣.##.# ♣♣.##.#
♣.....# #######


You could see a lindwurm and a redback.

Vanquished Creatures
  Josephine (D)
  A centaur warrior (D)
  An unseen horror (D)
  A deep elf mage (D)
  2 spiny frogs (D)
  A komodo dragon (D)
  3 wandering mushrooms (D)
  A queen bee (D)
  2 tyrant leeches (D)
  A shadow (D)
  A redback (D)
  A spatial vortex (D)
  A necrophage (D)
  2 centaurs (D)
  A water elemental (D)
  32 killer bees (D)
  A jelly (D)
  A wizard (D)
  Jessica (D)
  A necromancer (D)
  3 humans (D)
  A kobold demonologist (D)
  A wolf (D)
  An ooze (D)
  2 rats (D)
  A ballistomycete spore (D)
65 creatures vanquished.

Vanquished Creatures (others)
  2 draconian scorchers (D)
  A fire dragon (D)
  3 hydras (D)
  6 hellions (D)
  3 yaktaurs (D)
  An electric eel (D)
  3 plants (D)
19 creatures vanquished.

Grand Total: 84 creatures vanquished

Notes
Turn   | Place    | Note
-------+----------+-------------------------------------------
     0 | D        | Kidiri the Ogre Fire Elementalist began the quest for the Orb.
     0 | D        | Reached XP level 1. HP: 16/16 MP: 3/3
    12 | D        | Reached skill level 3 in Spellcasting
    12 | D        | Reached skill level 1 in Conjurations
    34 | D        | Killed a yaktaur
    92 | D        | Killed a hellion
    96 | D        | Killed a hellion
   112 | D        | Noticed Jessica
   127 | D        | Killed Jessica
   127 | D        | Reached skill level 5 in Spellcasting
   127 | D        | Reached XP level 2. HP: 21/24 MP: 2/8
   127 | D        | Reached XP level 3. HP: 27/31 MP: 2/9
   131 | D        | Learned a level 2 spell: Throw Flame
   135 | D        | Learned a level 3 spell: Conjure Flame
   139 | D        | Learned a level 3 spell: Inner Flame
   148 | D        | Killed a hellion
   153 | D        | Killed a white draconian scorcher
   156 | D        | Killed a white draconian scorcher
   159 | D        | Killed a hellion
   223 | D        | Reached skill level 6 in Spellcasting
   258 | D        | Killed a hellion
   295 | D        | Killed a hellion
   363 | D        | Reached XP level 4. HP: 29/39 MP: 3/12
   386 | D        | Gained mutation: You are frail. (-10% HP) [potion of mutation]
   386 | D        | Gained mutation: You are partially covered in slimy green scales. (AC +2) [potion of mutation]
   386 | D        | Gained mutation: You are partially covered in iridescent scales. (AC +2) [potion of mutation]
   386 | D        | Gained mutation: You are somewhat resistant to further mutation. [potion of mutation]
   414 | D        | Killed a six-headed hydra
   440 | D        | Learned a level 4 spell: Sticky Flame
   468 | D        | Noticed a water elemental
   471 | D        | Killed a water elemental
   471 | D        | Reached skill level 7 in Spellcasting
   471 | D        | Reached skill level 5 in Fire Magic
   471 | D        | Reached XP level 5. HP: 40/40 MP: 8/15
   479 | D        | Learned a level 5 spell: Fireball
   519 | D        | Found a radiant altar of Vehumet.
   520 | D        | Found a deep blue altar of Sif Muna.
   520 | D        | Found an ancient bone altar of Kikubaaqudgha.
   524 | D        | Noticed a smoke demon
   524 | D        | Reached skill level 1 in Fighting
   524 | D        | Reached skill level 8 in Spellcasting
   524 | D        | Reached skill level 1 in Armour
   534 | D        | Became a worshipper of Vehumet
   651 | D        | Found a glowing silver altar of Zin.
   652 | D        | Found a glowing golden altar of the Shining One.
   652 | D        | Found a white marble altar of Elyvilon.
   652 | D        | Noticed a deep elf mage
   664 | D        | Killed a deep elf mage
   664 | D        | Reached skill level 5 in Fighting
   664 | D        | Reached skill level 10 in Spellcasting
   664 | D        | Reached skill level 5 in Conjurations
   664 | D        | Reached XP level 6. HP: 19/59 MP: 12/19
   664 | D        | Reached XP level 7. HP: 20/64 MP: 12/20
   669 | D        | Learned a level 3 spell: Mephitic Cloud
   887 | D        | Found a hide-covered altar of Uskayaw.
   887 | D        | Found a roughly hewn altar of Beogh.
   887 | D        | Found an iron altar of Okawaru.
   887 | D        | Found a bloodstained altar of Trog.
   887 | D        | Found an ornate altar of the Wu Jian Council.
   887 | D        | Noticed a human
   887 | D        | Noticed a human
   892 | D        | Killed a human
   892 | D        | Reached skill level 1 in Air Magic
   892 | D        | Reached skill level 1 in Poison Magic
   893 | D        | Killed a human
   893 | D        | Reached * piety under Vehumet
   893 | D        | Offered knowledge of Freeze by Vehumet.
   992 | D        | Found a basalt altar of Yredelemnul.
   992 | D        | Found a shadowy altar of Dithmenos.
   992 | D        | Found a sacrificial altar of Ru.
   995 | D        | Reached skill level 5 in Dodging
   995 | D        | Reached skill level 11 in Spellcasting
   995 | D        | Reached XP level 8. HP: 73/74 MP: 17/23
  1061 | D        | Noticed a shadow
  1062 | D        | Killed a shadow
  1062 | D        | Reached ** piety under Vehumet
  1062 | D        | Offered knowledge of Shock by Vehumet.
  1091 | D        | Killed a yaktaur
  1094 | D        | Killed a fire dragon
  1106 | D        | Found a blossoming altar of Fedhas.
  1106 | D        | Found a stormy altar of Qazlal.
  1106 | D        | Found a snail-covered altar of Cheibriados.
  1106 | D        | Found a burning altar of Makhleb.
  1106 | D        | Found a shimmering altar of Xom.
  1107 | D        | Found a hazy altar of Hepliaklqana.
  1107 | D        | Found an opulent altar of Gozag.
  1107 | D        | Found a sparkling altar of Nemelex Xobeh.
  1107 | D        | Found a corrupted altar of Lugonu.
  1107 | D        | Found a viscous altar of Jiyva.
  1109 | D        | Killed a yaktaur
  1306 | D        | Noticed Josephine
  1308 | D        | Killed Josephine
  1308 | D        | Offered knowledge of Ignite Poison by Vehumet.
  1308 | D        | Reached skill level 5 in Armour
  1308 | D        | Reached skill level 12 in Spellcasting
  1308 | D        | Reached XP level 9. HP: 69/85 MP: 6/25
  1314 | D        | Learned a level 3 spell: Ignite Poison
  1582 | D        | Noticed a centaur warrior
  1585 | D        | Reached *** piety under Vehumet
  1587 | D        | Offered knowledge of Force Lance by Vehumet.
  1589 | D        | Killed a centaur warrior
  1634 | D        | Noticed an unseen horror
  1642 | D        | Killed an unseen horror
  1642 | D        | Reached skill level 13 in Spellcasting
  1642 | D        | Reached skill level 5 in Air Magic
  1884 | D        | Noticed a queen bee
  1887 | D        | Reached **** piety under Vehumet
  1888 | D        | Offered knowledge of Iskenderun's Battlesphere by Vehumet.
  1888 | D        | Reached XP level 10. HP: 94/95 MP: 19/27
  1888 | D        | Reached skill level 5 in Poison Magic
  1892 | D        | Reached ***** piety under Vehumet
  1907 | D        | Reached ****** piety under Vehumet
  1915 | D        | Reached skill level 10 in Fighting
  1995 | D        | Killed a five-headed hydra
  2006 | D        | Killed an eight-headed hydra
  2037 | D        | Offered knowledge of Irradiate by Vehumet.
  2090 | D        | Reached skill level 14 in Spellcasting
  2180 | D        | Noticed a spiny frog
  2180 | D        | Noticed a spiny frog
  2186 | D        | Killed a spiny frog
  2200 | D        | Killed a spiny frog
  2562 | D        | Reached XP level 11. HP: 90/107 MP: 15/29
  2637 | D        | Noticed a lindwurm
  2657 | D        | Killed from afar by a lindwurm

Vault maps used:
D:        dungeon_sprint_mu

Skill      XL: |  1  2  3  4  5  6  7  8  9 10 |
---------------+-------------------------------+-----
Spellcasting   | 5 6 7 10 11 12 13 14 | 14.4
Conjurations   | 2 3 4 5 6 7 8 |  8.9
Fire Magic     | 3 4 5 6 7 8 9 |  9.4
Fighting       | 5 6 8 9 10 | 10.8
Dodging        | 4 5 6 8 |  8.0
Armour         | 3 4 5 6 7 |  7.1
Air Magic      | 2 3 5 6 |  6.5
Poison Magic   | 2 3 4 6 |  6.4
Stealth        | |  1.4

Action                   |  1- 3 |  4- 6 |  7- 9 | 10-12 || total
-------------------------+-------+-------+-------+-------++-------
Melee: Unarmed           |     7 |       |       |       ||     7
       Dagger            |       |       |     1 |     4 ||     5
 Cast: Flame Tongue      |    15 |     5 |    35 |    49 ||   104
       Throw Flame       |     3 |       |       |       ||     3
       Conjure Flame     |       |     1 |     2 |     3 ||     6
       Sticky Flame      |       |     3 |     5 |    10 ||    18
       Fireball          |       |       |     5 |     4 ||     9
       Inner Flame       |       |       |     2 |     1 ||     3
       Mephitic Cloud    |       |       |     4 |     4 ||     8
       Ignite Poison     |       |       |     4 |     2 ||     6
  Use: Scroll            |       |     2 |       |     1 ||     3
       Potion            |       |     1 |       |     3 ||     4
  Eat: Ration            |       |       |     1 |     1 ||     2
       Chunk             |       |       |     1 |       ||     1
Armor: Robe              |     2 |     2 |     3 |     2 ||     9
Dodge: Dodged            |     8 |     1 |     8 |    31 ||    48

Table legend:
 A = Spawn XP
 B = Non-spawn XP
 C = Spawn XP percentage of total XP
 D = Spawn monster count
 E = Non-spawn monster count
 F = Spawn count percentage of total count
 G = Total turns spent on level
                    A         B        C        D         E        F      G
               +---------+---------+-------+---------+---------+-------+---------
         Total |       0 |    9405 |   0.0 |       0 |      64 |   0.0 |  2657
               +---------+---------+-------+---------+---------+-------+---------
             D |       0 |    9405 |   0.0 |       0 |      64 |   0.0 |  2657
               +---------+---------+-------+---------+---------+-------+---------
